 Dungeon Crawl Stone Soup version 0.19-b1-5-gdc9fa9d (webtiles) character file.

56 varam the Chopper (level 3, -14/43 HPs)
             Began as a Demonspawn Berserker on Oct 31, 2016.
             Was a Believer of Trog.
             Demolished by a worm (15 damage)
             ... on level 2 of the Dungeon.
             The game lasted 00:04:12 (1466 turns).

varam the Chopper (Demonspawn Berserker)            Turns: 1466, Time: 00:04:13

Health: -14/43     AC:  6    Str: 22    XL:     3   Next: 71%
Magic:  3/3        EV: 14    Int: 12    God:    Trog [**....]
Gold:   115        SH:  0    Dex: 13    Spells: 0 memorised, 2 levels left

rFire  . . .     SeeInvis .     a - +0 hand axe
rCold  . . .     Gourm    .     n - +0 leather armour
rNeg   . . .     Faith    .     (no shield)
rPois  .         Spirit   .     (no helmet)
rElec  .         Reflect  .     s - +0 cloak
rCorr  .         Harm     .     k - +0 pair of gloves
MR     .....                    o - +0 pair of boots
Stlth  ..........               (no amulet)
                                (no ring)
                                j - +4 ring of intelligence

@: berserking, very quick
A: repulsion field 1, spiny 1
a: Berserk, Trog's Hand, Burn Spellbooks, Renounce Religion


You were on level 2 of the Dungeon.
You worshipped Trog.
Trog was pleased with you.
You were very hungry.

You visited 1 branch of the dungeon, and saw 2 of its levels.

You collected 115 gold pieces.

Inventory:

Hand Weapons
 a - a +0 hand axe (weapon)
 h - a cursed -3 whip
Armour
 k - a +0 pair of gloves (worn)
 n - a +0 leather armour (worn)
 o - a +0 pair of boots (worn)
 s - a +0 cloak (worn)
Jewellery
 j - a +4 ring of intelligence (left hand)
Scrolls
 b - 2 scrolls of identify {unknown}
 f - a scroll of noise {unknown}
 g - 2 scrolls of recharging {unknown}
 r - a scroll of magic mapping {unknown}
Potions
 d - a potion of cancellation {unknown}
 e - a potion of magic {unknown}
 l - 2 potions of curing {unknown}
 p - a potion of lignification {unknown}
 q - a potion of berserk rage {unknown}
Comestibles
 c - a bread ration
 i - a royal jelly
 m - 4 beef jerkies


   Skills:
 - Level 3.0 Fighting
 + Level 4.2 Axes
 - Level 1.7 Armour
 - Level 1.7 Dodging


You had 2 spell levels left.
You didn't know any spells.

Dungeon Overview and Level Annotations

Branches:
Dungeon (2/15)

Altars:
Okawaru
Trog


Innate Abilities, Weirdness & Mutations

You are surrounded by a mild repulsion field. (EV +2)
You are partially covered in sharp spines.


Message History

Unknown command.
You are too injured to fight recklessly!
Unknown command.
You are too injured to fight recklessly!
Unknown command.
You are too injured to fight recklessly!
A red film seems to cover your vision as you go berserk!
You feel yourself moving faster!
You feel mighty!
You are feeling very hungry.
The worm is struck by your spines. The worm bites you.
You slash the worm!
The worm is almost dead.
You completely miss the worm.
The worm is almost dead.
The worm is struck by your spines. The worm bites you!
* * * LOW HITPOINT WARNING * * *
You barely miss the worm.
The worm is almost dead.
The worm bites you!
You die...

#...........#.# #.#
##....#.#.# #.#
##.##....# ##.##
#>#####.#
#...####.#####.####
.........##.......##
#....#####.........##
##.#.# #...........#
##.#.####....###@†..#
#..#....#...##y##w..#
#.#######....###....#
#.# ##.........##
#.########)..._....#
#........##.......##
#.....<..####)))###
#.######.<.#######
.........#.# #.#.#


You could see a moth of wrath and a worm (berserk).

Vanquished Creatures
  An adder (D:2)
  A worm (D:2)
  2 dart slugs
  3 bats
  4 giant cockroaches
  5 goblins
  4 hobgoblins
  3 frilled lizards
  4 kobolds
  14 rats
41 creatures vanquished.

Notes
Turn   | Place    | Note
-------+----------+-------------------------------------------
     0 | D:1      | varam the Demonspawn Berserker began the quest for the Orb.
     0 | D:1      | Reached XP level 1. HP: 18/18 MP: 1/1
   125 | D:1      | Reached skill level 3 in Axes
   322 | D:1      | Gained mutation: You are partially covered in sharp spines. [demonic ancestry]
   322 | D:1      | Reached XP level 2. HP: 23/24 MP: 2/2
   871 | D:2      | Reached ** piety under Trog
   974 | D:2      | Gained mutation: You are surrounded by a mild repulsion field. (EV +2) [demonic ancestry]
   974 | D:2      | Reached XP level 3. HP: 29/29 MP: 3/3
  1086 | D:2      | Reached skill level 4 in Axes
  1115 | D:2      | Found an iron altar of Okawaru.
  1439 | D:2      | Noticed a moth of wrath
  1443 | D:2      | Found a bloodstained altar of Trog.
  1465 | D:2      | HP: 1/43 [worm (16)]
  1466 | D:2      | Demolished by a worm

Skill      XL: |  1  2  3 |
---------------+----------+-----
Axes           | 3 4 |  4.2
Fighting       | |  3.0
Armour         | |  1.7
Dodging        | |  1.7

Action                   || total
-------------------------++-------
Melee: Hand axe          ||   106
Invok: Berserk           ||     2
 Stab: Sleeping          ||     1
  Eat: Chunk             ||     2
Armor: Animal skin       ||     5
       Leather armour    ||    19
Dodge: Dodged            ||    67
